 Dungeon Crawl Stone Soup version 0.24-a0-280-g7cec4da (webtiles) character file.

Game seed: 13169753209324635704

336958 Bontu the Executioner (level 21, 110/180 HPs)
             Began as a Demonspawn Fighter on May 13, 2019.
             Was the Champion of Okawaru.
             Quit the game on level 1 of the Depths on May 14, 2019.
             The game lasted 02:19:25 (50305 turns).

Bontu the Executioner (Demonspawn Fighter)         Turns: 50305, Time: 02:19:26

Health: 110/180    AC: 44    Str: 19    XL:     21   Next: 0%
Magic:  30/30      EV: 10    Int: 17    God:    Okawaru [******]
Gold:   3337       SH:  6    Dex: 16    Spells: 20/20 levels left

rFire    + . .     SeeInvis .   a - +4 broad axe (flame)
rCold    + + +     Gourm    .   y - +1 buckler {AC+3}
rNeg     + . .     Faith    +   R - +9 crystal plate armour of Wusug {rPois MR+ rCorr}
rPois    +         Spirit   .   t - -2 hat of the Alchemist {rElec rPois rF+ rC+ rN+ MR+ rMut rCorr}
rElec    +         Reflect  .   K - +2 cloak
rCorr    +         Harm     .   q - +0 pair of gloves {Dex+3}
rMut     +         Clarity  +   (boots unavailable)
MR       ++++.                  h - amulet of faith
Stlth    ..........             N - ring of protection from magic
HPRegen  2.40/turn              l - +2 ring of evasion
MPRegen  0.22/turn

@: no status effects
A: hooves 3, icy blue scales 3, clarity, cold resistance 1, high mp 1,
nightstalker 2, powered by death 3
}: 2/15 runes: barnacled, gossamer
a: Heroism, Finesse, Renounce Religion


You were on level 1 of the Depths.
You worshipped Okawaru.
Okawaru was exalted by your worship.
You were not hungry.

You visited 7 branches of the dungeon, and saw 36 of its levels.
You also visited: Sewer, Ice Cave and Wizlab.

You collected 3876 gold pieces.
You spent 539 gold pieces at shops.

Inventory:

Hand Weapons
 a - a +4 broad axe of flaming (weapon)
 V - the +9 heavy crossbow "Sniper" {velocity, Acc+∞ SInv}
   (You found it on level 4 of the Vaults)

   Any bolt fired from it inflicts extra damage.
   It lets you see invisible.
Armour
 e - a +2 helmet
 q - a +0 pair of gloves of dexterity (worn)
 t - the -2 hat of the Alchemist (worn) {rElec rPois rF+ rC+ rN+ MR+ rMut rCorr}
   (You found it in a wizard's laboratory)

   It protects you from fire.
   It protects you from cold.
   It insulates you from electricity.
   It protects you from poison.
   It protects you from negative energy.
   It affects your resistance to hostile enchantments.
   It provides partial protection from all sources of acid and corrosion.
   It protects you from mutation.
 u - a +2 helmet of see invisible
 w - a +0 pair of gloves of strength
 y - a +1 buckler of protection (worn)
 K - a +2 cloak (worn)
 R - the +9 crystal plate armour of Wusug (worn) {rPois MR+ rCorr}
   (Okawaru gifted it to you on level 5 of the Lair of Beasts)

   It protects you from poison.
   It affects your resistance to hostile enchantments.
   It provides partial protection from all sources of acid and corrosion.
Jewellery
 h - an amulet of faith (around neck)
 j - an uncursed ring of fire
 k - an uncursed ring of protection from cold
 l - a +2 ring of evasion (right hand)
 n - an uncursed ring of protection from cold
 A - an uncursed amulet of harm
 N - a ring of protection from magic (left hand)
 P - an uncursed ring of resist corrosion
 T - an uncursed ring of protection from cold
 Z - an uncursed ring of flight
Wands
 m - a wand of paralysis (12)
 H - a wand of digging (6)
 M - a wand of acid (8)
 O - a wand of iceblast (27)
 U - a wand of scattershot (4)
 X - a wand of enslavement (10)
Scrolls
 b - 5 scrolls of teleportation
 c - 2 scrolls of magic mapping
 g - 9 scrolls of summoning
 o - 17 scrolls of remove curse
 s - 2 scrolls of fear
 F - 6 scrolls of identify
 L - 4 scrolls of blinking
Potions
 d - 4 potions of might
 i - 2 potions of agility
 r - 3 potions of flight
 v - 13 potions of mutation
 x - 4 potions of ambrosia
 z - 7 potions of heal wounds
 B - 2 potions of cancellation
 E - 2 potions of berserk rage
 I - 11 potions of curing
 J - 3 potions of invisibility
 S - 2 potions of haste
Miscellaneous
 p - a lamp of fire
 C - a phial of floods
 D - 2 boxes of beasts
 G - 2 sacks of spiders
 Q - a fan of gales
Comestibles
 f - 57 rations


   Skills:
 + Level 19.3 Fighting
 + Level 21.9 Axes
 + Level 16.9 Armour
 - Level 8.4 Dodging
 - Level 3.0 Shields
 - Level 6.5 Invocations
 - Level 9.1 Evocations


You had 20 spell levels left.
You didn't know any spells.
Your spell library contained the following spells:

 Spells                   Type           Power        Failure   Level  Hunger
 Beastly Appendage        Tmut           #.....       100%        1    ##.....
 Confusing Touch          Hex            #.....       100%        1    ##.....
 Sting                    Conj/Pois      #...         100%        1    ##.....
 Summon Butterflies       Summ           #.......     100%        1    ##.....
 Summon Small Mammal      Summ           #...         100%        1    ##.....
 Call Imp                 Summ           #.......     100%        2    ###....
 Poisonous Vapours        Pois/Air       #.....       100%        2    ###....
 Shroud of Golubria       Chrm/Tloc      #.........   100%        2    ###....
 Slow                     Hex            #.......     100%        2    ###....
 Song of Slaying          Chrm           #.......     100%        2    ###....
 Sticks to Snakes         Tmut           #.......     100%        2    ###....
 Sublimation of Blood     Necr           #.........   100%        2    ###....
 Call Canine Familiar     Summ           #.......     100%        3    ####...
 Confuse                  Hex            #.......     100%        3    ####...
 Conjure Flame            Conj/Fire      #.......     100%        3    ####...
 Gell's Gravitas          Tloc           #.........   100%        3    ####...
 Ignite Poison            Fire/Tmut/Pois #.......     100%        3    ####...
 Mephitic Cloud           Conj/Pois/Air  #.......     100%        3    ####...
 Portal Projectile        Hex/Tloc       #.....       100%        3    ####...
 Spectral Weapon          Hex/Chrm       #.......     100%        3    ####...
 Spider Form              Tmut/Pois      #.........   100%        3    ####...
 Summon Guardian Golem    Hex/Summ       #.......     100%        3    ####...
 Tukima's Dance           Hex            #.......     100%        3    ####...
 Cause Fear               Hex            #.........   100%        4    #####..
 Ice Form                 Ice/Tmut       #.......     100%        4    #####..
 Leda's Liquefaction      Hex/Erth       #.........   100%        4    #####..
 Olgreb's Toxic Radiance  Pois           #.......     100%        4    #####..
 Petrify                  Tmut/Erth      #.......     100%        4    #####..
 Summon Ice Beast         Ice/Summ       #.......     100%        4    #####..
 Summon Lightning Spire   Summ/Air       #.......     100%        4    #####..
 Alistair's Intoxication  Tmut/Pois      #.......     100%        5    ######.
 Blade Hands              Tmut           #.........   100%        5    ######.
 Bolt of Magma            Conj/Fire/Erth #.........   100%        5    ######.
 Metabolic Englaciation   Hex/Ice        #.........   100%        5    ######.
 Silence                  Hex/Air        #.........   100%        5    ######.
 Summon Mana Viper        Hex/Summ       #.......     100%        5    ######.
 Venom Bolt               Conj/Pois      #.........   100%        5    ######.
 Yara's Violent Unravell  Hex/Tmut       #.........   100%        5    ######.
 Deflect Missiles         Chrm/Air       #.........   100%        6    #######
 Freezing Cloud           Conj/Ice/Air   #.........   100%        6    #######
 Hydra Form               Tmut           #.........   100%        6    #######
 Iron Shot                Conj/Erth      #.........   100%        6    #######
 Statue Form              Tmut/Erth      #........    100%        6    #######
 Dragon Form              Tmut           #.........   100%        7    #######
 Ring of Flames           Chrm/Fire      #.........   100%        7    #######
 Summon Hydra             Summ           #.........   100%        7    #######
 Discord                  Hex            #.........   100%        8    #######
 Shatter                  Erth           #.........   100%        9    #######


Dungeon Overview and Level Annotations

Branches:
Dungeon (15/15)            Temple (0/1) D:6            Lair (6/6) D:8
 Shoals (4/4) Lair:4       Spider (4/4) Lair:3        Slime (0/5) Lair:5
    Orc (2/2) D:10            Elf (0/3) Orc:2        Vaults (4/5) D:13
  Crypt (0/3) Vaults:3     Depths (1/5) D:15

Altars:
Cheibriados
Elyvilon
Fedhas
Gozag
Hepliaklqana
Kikubaaqudgha
Nemelex Xobeh
Okawaru
Qazlal
Trog
Wu Jian
Xom
Yredelemnul
Zin
The Shining One
Beogh
Jiyva

Shops:
D:9 :   D:12 :%[:   Orc:1 *   Orc:2 *%%*}   Shoals:4 [   Vaults:2 }(

Annotations:
D:5 3 runed translucent doors, Elitist's ghost, novice NaFi
D:7 1 runed translucent door, McSplat's ghost, novice DsEE
D:8 1 runed translucent door, flotson's ghost, novice DsGl
D:14 3 runed translucent doors, exclusion: oklob plant, mikethemayor's ghost, journeyman MiBe
Lair:4 exclusion: oklob plant
Lair:5 exclusion: oklob plant
Shoals:4 exclusion: Roxanne, Roxanne


Innate Abilities, Weirdness & Mutations

You have hooves in place of feet.
You are completely covered in icy blue scales. (AC +4, rC+)
Your flesh is cold resistant. (rC+)
You are significantly more attuned to the shadows.
You regenerate a lot of health from kills.
You possess an exceptional clarity of mind.
You have an increased reservoir of magic. (+10% MP)


Message History

You slice the brown very ugly thing!! You burn the brown very ugly thing.
The brown very ugly thing is almost dead.
You slash the stone giant! You burn the stone giant.
You slice the cyan very ugly thing!! You burn the cyan very ugly thing!
You block the brown very ugly thing's attack.
You block the stone giant's attack.
Unknown command.
You slice the brown very ugly thing!! You burn the brown very ugly thing.
You kill the brown very ugly thing!
Okawaru accepts your kill.
You have reached level 21!
Your experience leads to an increase in your attributes!
Your base attributes are Str 19, Int 16, Dex 13.
Increase (S)trength, (I)ntelligence, or (D)exterity?
You feel clever.
Your demonic ancestry asserts itself...
You feel resistant to cold.
You slash the cyan very ugly thing! You burn the cyan very ugly thing.
You hit the stone giant but do no damage.
The cyan very ugly thing stings you but does no damage.
Are you sure you want to abandon this character and quit the game? (Confirm with "yes".)

### ##..###
#######...## ##.....
....#......# ##....###
....##....# #...u....
#....#...#####.(@C....
..........##.#...###..
.≈..............##
≈≈.............##
≈≈...............
...................
..(..............##
.................#
.##.........#


You could see a cyan very ugly thing and a stone giant.

Vanquished Creatures
  Sojobo (Vaults:3)
  Bai Suzhen (Vaults:3)
  A golden dragon (Vaults:4)
  Nikola (Spider:1)
  A mutant beast (WizLab)
  Arachne (Spider:3)
  Rupert (D:12)
  Polyphemus (Shoals:2)
  Gastronok (Lair:2)
  A kraken (Shoals:3)
  Donald (Vaults:4)
  Kirke (Spider:4)
  Ilsuiw (Shoals:2)
  2 tengu reavers (Vaults:3)
  Aizul (Spider:2)
  3 ghost moths
  3 frost giants
  A deep elf sorcerer (Vaults:3)
  4 emperor scorpions
  11 vault wardens
  2 war gargoyles (Vaults:4)
  5 stone giants
  11 very ugly things
  15 ironheart preservers
  An entropy weaver (Vaults:4)
  2 deep elf demonologists
  2 spark wasps (Spider:4)
  Azrael (Spider:3)
  2 ettins
  Snorg (D:12)
  A fire dragon (shapeshifter) (Vaults:1)
  5 merfolk impalers
  3 merfolk javelineers
  A great orb of eyes (Vaults:2)
  6 vault guards
  5 yaktaur captains
  Harold (D:7)
  An ice dragon (Depths:1)
  5 hydras
  5 merfolk avatars
  10 centaur warriors
  9 merfolk aquamancers
  A catoblepas (Shoals:2)
  A two-headed ogre (shapeshifter) (WizLab)
  5 ogre magi
  5 satyrs
  15 two-headed ogres
  An alligator snapping turtle (Shoals:2)
  A deep troll earth mage (Vaults:2)
  10 death yaks
  An orc high priest (Orc:2)
  3 tengu warriors
  4 deep elf knights
  A hell knight (Vaults:4)
  An iron golem (WizLab)
  A fire crab (shapeshifter) (WizLab)
  2 shadow wraiths
  5 unseen horrors
  13 skeletal warriors
  A flayed ghost (Vaults:3)
  11 deep trolls
  2 glowing orange brains
  6 wizards
  9 sea snakes
  Pikel (D:6)
  2 deep elf archers
  12 ironbrand convokers
  11 orc knights
  2 harpies (shapeshifter) (Vaults:3)
  14 orb spiders
  An orc sorcerer (Orc:2)
  4 deep elf magi
  17 harpies
  A necromancer (D:13)
  34 wolf spiders
  20 fauns
  4 moths of wrath
  A salamander (shapeshifter) (WizLab)
  6 cyclopes
  35 ugly things
  17 manticores
  A black mamba (shapeshifter) (Vaults:2)
  An ice statue (IceCv)
  10 vault sentinels
  8 merfolk sirens
  4 black mambas
  2 torpor snails
  22 spiny frogs
  6 water nymphs
  20 elephants
  A torpor snail (shapeshifter) (D:11)
  2 gargoyles
  A yaktaur (shapeshifter) (D:15)
  18 yaktaurs
  2 kobold demonologists
  2 rime drakes (shapeshifter)
  14 demonic crawlers
  3 komodo dragons
  3 rime drakes
  A freezing wraith (Vaults:4)
  An efreet (D:14)
  2 trolls (shapeshifter)
  The ghost of Potronius the Digger, an amateur FoEE of Okawaru (D:4)
  48 jumping spiders
  2 queen bees (Spider:3)
  2 tengu conjurers (D:15)
  18 polar bears
  15 merfolk
  3 meliai (shapeshifter)
  A jumping spider (shapeshifter) (WizLab)
  A polar bear (shapeshifter) (WizLab)
  10 trolls
  5 meliai
  Grinder (D:6)
  A wind drake (Shoals:3)
  16 hornets
  20 slime creatures
  14 tyrant leeches
  2 hornets (shapeshifter) (WizLab)
  13 blink frogs
  2 wind drakes (shapeshifter) (WizLab)
  11 hippogriffs
  7 large abominations (WizLab)
  A human simulacrum (Vaults:1)
  9 dream sheep
  A hippogriff (shapeshifter) (D:15)
  17 snapping turtles
  A snapping turtle (shapeshifter) (Vaults:1)
  A spriggan (shapeshifter) (WizLab)
  64 redbacks
  Eustachio (D:5)
  28 tarantellas
  75 yaks
  2 tarantellas (shapeshifter)
  17 water elementals
  2 fire elementals (Spider:3)
  2 vampires
  5 wyverns
  A yak (shapeshifter) (WizLab)
  6 spriggans (Lair:1)
  A hog (shapeshifter) (WizLab)
  2 golden eyes (shapeshifter) (WizLab)
  A steam dragon (D:9)
  A basilisk (Lair:1)
  4 hogs (Spider:4)
  A hungry ghost (D:9)
  20 vampire mosquitoes
  A basilisk (shapeshifter) (WizLab)
  A warg (shapeshifter) (Vaults:2)
  2 acid dragons
  4 swamp worms (Lair:5)
  2 wargs
  9 porcupines
  A water moccasin (shapeshifter) (WizLab)
  3 hell hounds
  12 water moccasins
  2 acid dragons (shapeshifter)
  4 floating eyes (WizLab)
  41 orc warriors
  9 sky beasts
  2 eyes of draining (shapeshifter) (WizLab)
  2 black bears
  2 ice beasts (D:12)
  A slave (D:6)
  26 ogres
  4 eyes of draining
  A phantom (D:14)
  A boggart (shapeshifter) (WizLab)
  22 centaurs
  25 wolves
  4 big kobolds
  16 crocodiles
  Blork the orc (D:5)
  38 bullfrogs
  2 wyvern zombies
  6 small abominations (WizLab)
  2 wyvern skeletons
  9 scorpions
  37 killer bees
  7 electric eels
  4 howler monkeys
  2 lava snakes (Lair:3)
  4 centaur zombies
  8 crimson imps
  A quasit (D:11)
  5 bullfrog zombies
  7 centaur skeletons
  13 orc priests
  Crazy Yiuf (D:6)
  3 hounds
  6 jellies
  3 bullfrog skeletons
  9 iguanas
  26 orc wizards
  8 worker ants
  A hound skeleton (D:4)
  2 howler monkey zombies
  4 river rats
  16 adders
  3 shadow imps
  12 white imps (D:11)
  9 oozes
  An adder zombie (D:9)
  2 adder skeletons
  7 worms
  A dart slug (D:3)
  4 leopard geckos
  90 orcs
  6 bats
  3 giant cockroaches
  6 goblins
  6 hobgoblins
  13 jackals
  6 quokkas
  3 ball pythons
  A ball python skeleton (D:5)
  7 frilled lizards
  19 kobolds
  2 quokka skeletons
  13 rats
  4 fungi
  21 plants
  4 tentacles (Shoals:3)
1658 creatures vanquished.

Vanquished Creatures (collateral kills)
  A merfolk avatar (Shoals:4)
  A merfolk aquamancer (Shoals:4)
  A gargoyle (D:14)
  A meliai (D:14)
4 creatures vanquished.

Vanquished Creatures (others)
  A merfolk aquamancer (Shoals:4)
  A death yak (Shoals:2)
  A shadow wraith (Vaults:1)
  5 redbacks (Spider:1)
  A tarantella (Spider:1)
  2 humans (Spider:4)
  A slave (D:6)
  A crimson imp (D:6)
  An orc priest (D:6)
  A worker ant (D:5)
  4 orcs
  2 bushes (Lair:5)
  23 fungi
  98 plants
  4 tentacles (Shoals:3)
146 creatures vanquished.

Grand Total: 1808 creatures vanquished

Notes
Turn   | Place    | Note
-------+----------+-------------------------------------------
     0 | D:1      | Bontu the Demonspawn Fighter began the quest for the Orb.
     0 | D:1      | Reached XP level 1. HP: 18/18 MP: 1/1
    79 | D:1      | Gained mutation: You regenerate a little health from kills.
                  | [demonic ancestry]
    79 | D:1      | Reached XP level 2. HP: 11/24 MP: 2/2
   284 | D:1      | Reached skill level 2 in Axes
   704 | D:2      | Reached XP level 3. HP: 29/29 MP: 3/3
   838 | D:2      | Reached skill level 3 in Axes
   999 | D:2      | Reached XP level 4. HP: 35/35 MP: 4/4
  1861 | D:3      | Found a hazy altar of Hepliaklqana.
  1864 | D:3      | Found a glowing silver altar of Zin.
  1868 | D:3      | Found a glowing golden altar of the Shining One.
  1869 | D:3      | Found an iron altar of Okawaru.
  1869 | D:3      | Found a snail-covered altar of Cheibriados.
  1869 | D:3      | Found an ornate altar of the Wu Jian Council.
  1869 | D:3      | Found a white marble altar of Elyvilon.
  1870 | D:3      | Found a stormy altar of Qazlal.
  1872 | D:3      | Found a shimmering altar of Xom.
  1873 | D:3      | Found a sparkling altar of Nemelex Xobeh.
  1883 | D:3      | Became a worshipper of Warmaster Okawaru
  1923 | D:4      | Noticed an ogre
  1929 | D:4      | Killed an ogre
  1929 | D:4      | Reached * piety under Okawaru
  1929 | D:4      | Reached skill level 4 in Axes
  1929 | D:4      | Gained mutation: You are slightly more attuned to the
                  | shadows. [demonic ancestry]
  1929 | D:4      | Reached XP level 5. HP: 15/41 MP: 5/5
  2107 | D:4      | Reached skill level 5 in Axes
  2135 | D:4      | Reached XP level 6. HP: 47/47 MP: 6/6
  2651 | D:4      | Noticed Potronius's ghost (amateur FoEE)
  2652 | D:4      | Found a transporter.
  2652 | D:4      | Identified the cursed +0 dire flail "Lonnolask" {crush,
                  | rPois Int+4}
  2714 | D:5      | Entered Level 5 of the Dungeon
  2717 | D:5      | Noticed Blork the orc
  2718 | D:5      | Noticed a sky beast
  2728 | D:5      | Killed Blork the orc
  2728 | D:5      | Reached skill level 6 in Axes
  2737 | D:5      | Killed a sky beast
  2737 | D:5      | Reached ** piety under Okawaru
  2809 | D:5      | Reached XP level 7. HP: 31/52 MP: 7/7
  2811 | D:5      | Reached skill level 7 in Axes
  2892 | D:5      | Noticed Eustachio
  2904 | D:5      | Found a runed translucent gate.
  2905 | D:5      | Found a runed translucent gate.
  2905 | D:5      | Found a runed translucent gate.
  2929 | D:5      | Killed Eustachio
  2950 | D:5      | Noticed a hippogriff
  3038 | D:5      | Found an opulent altar of Gozag.
  3038 | D:5      | Noticed Elitist's ghost (novice NaFi)
  3130 | D:5      | Reached skill level 8 in Axes
  3216 | D:5      | Found a glowing drain.
  3220 | Sewer    | Entered a sewer
  3226 | Sewer    | Reached *** piety under Okawaru
  3413 | Sewer    | Found a glowing silver altar of Zin.
  3558 | D:5      | Reached XP level 8. HP: 48/58 MP: 8/8
  3852 | D:5      | Reached skill level 9 in Axes
  3903 | D:5      | Found a bloodstained altar of Trog.
  5079 | D:6      | Got an ichor-stained ring mail
  5090 | D:6      | Identified the +0 ring mail of the Equator {rElec rC- Str+8
                  | Slay-3} (You found it on level 6 of the Dungeon)
  5162 | D:6      | Noticed Pikel
  5190 | D:6      | Killed Pikel
  5190 | D:6      | Reached skill level 5 in Fighting
  5233 | D:6      | Found a staircase to the Ecumenical Temple.
  5282 | D:6      | Found a runed translucent door.
  5283 | D:6      | Noticed Crazy Yiuf
  5301 | D:6      | Killed Crazy Yiuf
  5301 | D:6      | Reached **** piety under Okawaru
  5644 | D:6      | Noticed Grinder
  5653 | D:6      | Paralysed by Grinder for 6 turns
  5660 | D:6      | Paralysed by Grinder for 6 turns
  5866 | D:6      | Killed Grinder
  5866 | D:6      | Reached skill level 10 in Axes
  5866 | D:6      | Gained mutation: You have large cloven feet. [demonic
                  | ancestry]
  5866 | D:6      | Reached XP level 9. HP: 54/69 MP: 9/9
  6212 | D:7      | Found a runed translucent door.
  6235 | D:7      | Noticed McSplat's ghost (novice DsEE)
  6675 | D:7      | Reached ***** piety under Okawaru
  6675 | D:7      | Reached skill level 1 in Dodging
  6975 | D:7      | Noticed Harold
  6985 | D:7      | Killed Harold
  7205 | D:8      | Got a pitted spear
  7223 | D:8      | Reached XP level 10. HP: 66/80 MP: 4/10
  7288 | D:8      | Noticed a two-headed ogre
  7699 | D:8      | Identified the cursed +1 spear of Bowoeden {drain, +Fly}
                  | (You found it on level 8 of the Dungeon)
  7859 | D:8      | Killed an unseen horror
  7859 | D:8      | Received a gift from Okawaru
  8164 | D:8      | Found a runed translucent door.
  8165 | D:8      | Noticed flotson's ghost (novice DsGl)
  8416 | D:8      | Noticed a two-headed ogre
  8422 | D:8      | Killed a two-headed ogre
  8422 | D:8      | Reached skill level 5 in Armour
  8431 | D:8      | Identified the +6 rapier of the Sneaky Allies {pierce,
                  | Fragile rN++ Dex+6}
  8553 | D:8      | Found a staircase to the Lair.
  9360 | D:9      | Reached skill level 10 in Fighting
  9491 | D:9      | Found Novucytz's Book Shop.
  9669 | D:10     | Entered Level 10 of the Dungeon
  9792 | D:10     | Reached XP level 11. HP: 85/90 MP: 11/11
 10068 | D:10     | Reached ****** piety under Okawaru
 10245 | D:10     | Found a staircase to the Orcish Mines.
 10736 | D:10     | Found a roughly hewn altar of Beogh.
 10953 | D:11     | Found a frozen archway.
 11021 | D:11     | Reached skill level 1 in Invocations
 11047 | IceCv    | Entered an ice cave
 11066 | IceCv    | Reached skill level 1 in Evocations
 11071 | IceCv    | Received a gift from Okawaru
 11087 | IceCv    | Identified a +0 pair of boots of running (Okawaru gifted it
                  | to you in an ice cave)
 11912 | IceCv    | Reached skill level 5 in Invocations
 12235 | IceCv    | Gained mutation: You have hoof-like feet. [demonic
                  | ancestry]
 12235 | IceCv    | Reached XP level 12. HP: 70/97 MP: 16/16
 13279 | IceCv    | Reached skill level 11 in Axes
 14054 | IceCv    | Noticed a frost giant
 14082 | IceCv    | Killed a frost giant
 14082 | IceCv    | Received a gift from Okawaru
 14086 | IceCv    | Reached skill level 12 in Axes
 14735 | D:11     | Received a gift from Okawaru
 14759 | D:11     | Noticed a two-headed ogre
 14771 | D:11     | a two-headed ogre changed into a torpor snail
 14777 | D:11     | Received a gift from Okawaru
 15126 | Orc:1    | Entered Level 1 of the Orcish Mines
 15136 | Orc:1    | Found Vehoceji's General Store.
 15150 | Orc:1    | Bought a potion of curing for 33 gold pieces
 15150 | Orc:1    | Bought a scroll of fear for 38 gold pieces
 15150 | Orc:1    | Bought a potion of curing for 33 gold pieces
 15150 | Orc:1    | Bought a potion of degeneration for 11 gold pieces
 15261 | Orc:2    | Entered Level 2 of the Orcish Mines
 15484 | D:4      | Found a transporter.
 15500 | D:4      | Killed Potronius's ghost
 15500 | D:4      | Reached skill level 13 in Axes
 15862 | D:4      | Got a warped platinum ring
 15882 | D:4      | Identified the ring "Noet Bukku" {Int+6 SInv} (You found it
                  | on level 4 of the Dungeon)
 16085 | Orc:2    | Noticed an orc high priest
 16790 | Lair:1   | Entered Level 1 of the Lair of Beasts
 16969 | Lair:1   | Noticed a seven-headed hydra
 16976 | Lair:1   | Killed a seven-headed hydra
 16976 | Lair:1   | Gained mutation: You regenerate health from kills. [demonic
                  | ancestry]
 16976 | Lair:1   | Reached XP level 13. HP: 93/103 MP: 17/17
 17300 | Lair:1   | Reached skill level 14 in Axes
 17419 | Lair:1   | Received a gift from Okawaru
 17854 | Lair:2   | Noticed Gastronok
 18674 | Lair:2   | Killed Gastronok
 19155 | Lair:3   | Got a twisted chain mail
 19273 | Lair:3   | Reached skill level 15 in Axes
 19300 | Lair:3   | Received a gift from Okawaru
 19324 | Lair:3   | Got a translucent executioner's axe {god gift}
 19371 | Lair:3   | Found a hole to the Spider Nest.
 19847 | Lair:4   | Found a staircase to the Shoals.
 21049 | Lair:5   | Reached skill level 16 in Axes
 21057 | Lair:5   | Received a gift from Okawaru
 21225 | Lair:5   | Got an ichor-stained crystal plate armour {god gift}
 21271 | Lair:4   | Identified the +2 chain mail of Negligence {*Drain rF+++
                  | Dex+8} (You found it on level 3 of the Lair of Beasts)
 21281 | Lair:4   | Identified the +9 crystal plate armour of Wusug {rPois MR+
                  | rCorr} (Okawaru gifted it to you on level 5 of the Lair of
                  | Beasts)
 21315 | Lair:5   | Gained mutation: You are partially covered in icy blue
                  | scales. (AC +2) [demonic ancestry]
 21315 | Lair:5   | Reached XP level 14. HP: 106/110 MP: 18/18
 22147 | Lair:5   | Found a viscous altar of Jiyva.
 22147 | Lair:5   | Found a staircase to the Slime Pits.
 22499 | Lair:6   | Entered Level 6 of the Lair of Beasts
 22647 | Lair:6   | Reached skill level 17 in Axes
 22901 | Lair:6   | Received a gift from Okawaru
 22907 | Lair:6   | Got a slimy shield {god gift}
 23095 | Lair:6   | Identified the +0 shield of Free Expression {Regen+ Int+4}
                  | (Okawaru gifted it to you on level 6 of the Lair of Beasts)
 23096 | Lair:6   | Identified the +8 executioner's axe "Jyoqier" {chop, rN+
                  | Int+4} (Okawaru gifted it to you on level 3 of the Lair of
                  | Beasts)
 23450 | Lair:6   | Reached skill level 5 in Evocations
 23518 | Lair:6   | Reached skill level 18 in Axes
 23533 | Lair:6   | Identified the Catalogue of Entrancing Good Luck
 24052 | Lair:6   | Received a gift from Okawaru
 24517 | Lair:6   | Reached skill level 10 in Armour
 25190 | Orc:2    | Gained mutation: You regenerate a lot of health from kills.
                  | [demonic ancestry]
 25190 | Orc:2    | Reached XP level 15. HP: 117/117 MP: 19/19
 25229 | Orc:2    | Found Imifin's Gadget Emporium.
 25898 | Orc:2    | Received a gift from Okawaru
 25927 | Orc:2    | Got a pitted executioner's axe {god gift}
 26100 | Orc:2    | Found a staircase to the Elven Halls.
 26338 | Orc:2    | Found Ifoem's Food Shop.
 26338 | Orc:2    | Found Xakheunoa's Food Shoppe.
 26339 | Orc:2    | Found Otuykk's Assorted Antiques.
 26341 | Orc:2    | Found Fufysch's General Store.
 26348 | Orc:2    | Bought a scroll labeled URPHUTTEOMN for 24 gold pieces
 26348 | Orc:2    | Bought a scroll of blinking for 180 gold pieces
 26409 | Orc:2    | Identified the +6 executioner's axe of the Sun {drain,
                  | Str+5} (Okawaru gifted it to you on level 2 of the Orcish
                  | Mines)
 26800 | D:12     | Found Qailum's Book Shoppe.
 26807 | D:12     | Found Dawonug's Armour Shoppe.
 26810 | D:12     | Found Isibuwoo's Food Shoppe.
 26810 | D:12     | Found Feroso's Book Shoppe.
 27046 | D:12     | Received a gift from Okawaru
 27233 | D:12     | Noticed Rupert
 27283 | D:12     | Killed Rupert
 27525 | D:12     | Noticed Snorg
 27563 | D:12     | Killed Snorg
 28389 | D:13     | Found a gate to the Vaults.
 28413 | D:13     | Received a gift from Okawaru
 29355 | D:14     | Found a runed translucent gate.
 29355 | D:14     | Found a runed translucent gate.
 29355 | D:14     | Found a runed translucent gate.
 29902 | D:14     | Found a blossoming altar of Fedhas.
 30158 | D:14     | Noticed mikethemayor's ghost (journeyman MiBe)
 30348 | D:15     | Entered Level 15 of the Dungeon
 30453 | D:15     | Received a gift from Okawaru
 30595 | D:15     | Gained mutation: You have hooves in place of feet. [demonic
                  | ancestry]
 30595 | D:15     | Reached XP level 16. HP: 123/127 MP: 22/22
 30735 | D:15     | Received a gift from Okawaru
 30901 | D:15     | Found a staircase to the Depths.
 32060 | Spider:1 | Entered Level 1 of the Spider Nest
 32220 | Spider:1 | Received a gift from Okawaru
 32325 | Spider:1 | Received a gift from Okawaru
 32593 | Spider:1 | Noticed Nikola
 32611 | Spider:1 | Killed Nikola
 33842 | Spider:2 | Received a gift from Okawaru
 34443 | Spider:3 | Noticed Arachne
 34476 | Spider:3 | Killed Arachne
 34539 | Spider:3 | Noticed Aizul
 34541 | Spider:3 | Noticed Azrael
 34561 | Spider:2 | Killed Aizul
 34905 | Spider:3 | Killed Azrael
 34905 | Spider:3 | Gained mutation: You are significantly more attuned to the
                  | shadows. [demonic ancestry]
 34905 | Spider:3 | Reached XP level 17. HP: 120/138 MP: 23/23
 35374 | Spider:4 | Entered Level 4 of the Spider Nest
 35378 | Spider:4 | Noticed Kirke
 35388 | Spider:4 | Killed Kirke
 35495 | Spider:4 | Paralysed by a hornet for 3 turns
 35701 | Spider:4 | Received a gift from Okawaru
 36098 | Spider:4 | Reached skill level 15 in Fighting
 36193 | Spider:4 | Got a gossamer rune of Zot
 36651 | Shoals:1 | Entered Level 1 of the Shoals
 37055 | Shoals:1 | Received a gift from Okawaru
 37964 | Shoals:2 | Noticed Ilsuiw
 37975 | Shoals:2 | Received a gift from Okawaru
 38003 | Shoals:2 | Killed Ilsuiw
 38084 | Shoals:2 | Noticed Polyphemus
 38096 | Shoals:2 | Gained mutation: You are mostly covered in icy blue scales.
                  | (AC +3) [demonic ancestry]
 38096 | Shoals:2 | Reached XP level 18. HP: 120/151 MP: 24/24
 38109 | Shoals:2 | Killed Polyphemus
 38593 | Shoals:2 | Reached skill level 15 in Armour
 39008 | Shoals:3 | Received a gift from Okawaru
 40045 | Shoals:4 | Entered Level 4 of the Shoals
 40050 | Shoals:4 | Found Asuzaw's Antique Armour Shop.
 40410 | Shoals:4 | Noticed Roxanne
 40599 | Shoals:4 | Reached skill level 19 in Axes
 41035 | Shoals:4 | Got a barnacled rune of Zot
 41170 | Shoals:4 | Identified the +6 short sword "Mukiugub" {speed, *Drain
                  | Dex+4}
 41265 | Shoals:4 | Received a gift from Okawaru
 41471 | Shoals:4 | Reached skill level 5 in Dodging
 41514 | Shoals:4 | Got a slimy jade ring
 42601 | Lair:1   | Identified the ring of Winoleq {*Corrode rPois Str+10} (You
                  | found it on level 4 of the Shoals)
 42744 | Vaults:1 | Entered Level 1 of the Vaults
 42896 | Vaults:1 | Received a gift from Okawaru
 43324 | Vaults:1 | Reached XP level 19. HP: 154/161 MP: 25/25
 43618 | Vaults:1 | Received a gift from Okawaru
 43632 | Vaults:1 | Got a spiked plate armour {god gift}
 43633 | Vaults:1 | Identified the +0 plate armour "Neicog" {rElec rF- Str+8
                  | Slay+5} (Okawaru gifted it to you on level 1 of the Vaults)
 43653 | Vaults:1 | Reached skill level 20 in Axes
 44499 | Vaults:2 | Found Oddismyo's Antique Weapon Emporium.
 44992 | Vaults:2 | Found Bedgh's Gadget Shop.
 44998 | Vaults:2 | Bought a box of beasts for 220 gold pieces
 45005 | Vaults:2 | Identified the +10 arbalest of Wealth {elec, rPois rN++
                  | Int-2}
 45302 | Vaults:2 | Received a gift from Okawaru
 45709 | Vaults:3 | Found a magical portal.
 45732 | WizLab   | Entered Cigotuvi's Fleshworks
 46082 | WizLab   | Paralysed by a floating eye for 3 turns
 46091 | WizLab   | Paralysed by a floating eye for 2 turns
 46117 | WizLab   | Found the -2 hat of the Alchemist {rElec rPois rF+ rC+ rN+
                  | MR+ rMut rCorr}
 46143 | WizLab   | Paralysed by a floating eye for 2 turns
 46565 | WizLab   | Reached skill level 21 in Axes
 46740 | WizLab   | Identified the Compendium of Transformation
 46742 | WizLab   | Identified Cigotuvi's Guide on Shape Shifting and
                  | Necromancy
 46745 | WizLab   | Identified Nenell's Guide on Shape Shifting
 46808 | Vaults:3 | Gained mutation: You have an increased reservoir of magic.
                  | (+10% MP) [potion of mutation]
 46808 | Vaults:3 | Gained mutation: You tend to lose your temper in combat.
                  | [potion of mutation]
 46808 | Vaults:3 | Gained mutation: You are somewhat resistant to further
                  | mutation. [potion of mutation]
 46809 | Vaults:3 | Lost mutation: You are somewhat resistant to further
                  | mutation. [potion of mutation]
 46809 | Vaults:3 | Lost mutation: You tend to lose your temper in combat.
                  | [potion of mutation]
 46809 | Vaults:3 | Gained mutation: Scrolls take you a little longer to read.
                  | [potion of mutation]
 46809 | Vaults:3 | Gained mutation: You do not regenerate when monsters are
                  | visible. [potion of mutation]
 46809 | Vaults:3 | Gained mutation: Your body sometimes deteriorates upon
                  | taking damage. [potion of mutation]
 46809 | Vaults:3 | Gained mutation: You possess an exceptional clarity of
                  | mind. [potion of mutation]
 46810 | Vaults:3 | Lost mutation: You do not regenerate when monsters are
                  | visible. [potion of mutation]
 46810 | Vaults:3 | Lost mutation: Scrolls take you a little longer to read.
                  | [potion of mutation]
 46810 | Vaults:3 | Lost mutation: Your body sometimes deteriorates upon taking
                  | damage. [potion of mutation]
 46810 | Vaults:3 | Gained mutation: You are clumsy. (Dex -2) [potion of
                  | mutation]
 46810 | Vaults:3 | Lost mutation: You are clumsy. (Dex -2) [potion of
                  | mutation]
 46864 | Vaults:3 | Received a gift from Okawaru
 46867 | Vaults:3 | Identified the +4 battleaxe "Demonspawn's Peril"
                  | {antimagic, rElec rC++ SInv} (Okawaru gifted it to you on
                  | level 3 of the Vaults)
 46938 | Vaults:3 | Gained mutation: You are completely covered in icy blue
                  | scales. (AC +4, rC+) [demonic ancestry]
 46938 | Vaults:3 | Reached XP level 20. HP: 148/171 MP: 29/29
 47125 | Vaults:3 | Noticed Bai Suzhen
 47153 | Vaults:3 | Killed Bai Suzhen
 47254 | Vaults:3 | Noticed Sojobo
 47311 | Vaults:3 | Killed Sojobo
 47311 | Vaults:3 | Received a gift from Okawaru
 48025 | Vaults:3 | You fall through a shaft!
 48441 | Vaults:3 | Found a staircase to the Crypt.
 48441 | Vaults:3 | Found a basalt altar of Yredelemnul.
 48442 | Vaults:3 | Found an ancient bone altar of Kikubaaqudgha.
 48776 | Vaults:4 | Noticed Donald
 48799 | Vaults:4 | Killed Donald
 49322 | Vaults:4 | Received a gift from Okawaru
 49345 | Vaults:4 | Identified the +6 scimitar "Cuchehiu" {slice, Fragile rElec
                  | Str+4}
 49385 | Vaults:4 | Noticed a golden dragon
 49434 | Vaults:4 | Found the +9 heavy crossbow "Sniper" {velocity, Acc+∞ SInv}
 49445 | Vaults:4 | Killed a golden dragon
 49452 | Vaults:4 | Identified the +8 bardiche of Liomeu {vamp, MR+ Str-5 SInv}
                  | (You found it on level 4 of the Vaults)
 49898 | Vaults:4 | Received a gift from Okawaru
 49901 | Vaults:4 | Identified the +1 hat "Toletett" {+Fly Int+4 Dex+3 Slay-4}
                  | (Okawaru gifted it to you on level 4 of the Vaults)
 50120 | Depths:1 | Entered Level 1 of the Depths
 50304 | Depths:1 | Gained mutation: Your flesh is cold resistant. (rC+)
                  | [demonic ancestry]
 50304 | Depths:1 | Reached XP level 21. HP: 109/180 MP: 30/30
 50305 | Depths:1 | Quit the game

Levels and vault maps discovered:
D:1:      scummos_arrival_hexagon, layout_rooms, minmay_misc_feat_alley
D:2:      layout_loops_cross, first_ration
D:3:      layout_basic, minitemple
D:4:      layout_rooms, gammafunk_ghost_smash
D:5:      lemuel_ice_spiral_2, layout_basic, marbit_many_paths,
          ebering_ghost_gozag, gup_sewer_entry_spiral, supply_closet_lemuel,
          chequers_serial_rivers_small_a, uniq_blork_the_orc, uniq_eustachio
D:6:      layout_basic, minmay_temple_entry_stoned_glass, uniq_grinder,
          uniq_crazy_yiuf_cottage, uniq_pikel
D:7:      layout_cave_pods, ebering_ghost_reflecting_pool, uniq_harold
D:8:      minmay_tri_box, layout_loops_ring, lair_entry_dummy,
          gammafunk_ghost_grave
D:9:      cheibrodos_barr_body, layout_rooms, serial_shops, shop
D:10:     layout_rooms, minmay_orc_entry_temple_small,
          hangedman_little_slice_of_home
D:11:     layout_basic, gauntlet_entry_generic, portal_ice_cave_entry_imps
D:12:     layout_grid_maze, st_stairs_3, minmay_shop_grid_forest, uniq_snorg,
          uniq_rupert
D:13:     layout_basic, david_vaults_1, serial_corexii_hall,
          chequers_hall_statues_corner_a, corexii_hall_statues_l
D:14:     layout_irregular_city, corexii_leaking_fountain,
          maelrawn_ghost_gauntlet_escape, tgw_fedhas
D:15:     grunt_enter_depths_snipers, layout_rooms, grunt_decor_cap
Lair:1:   kb_forest_paths, layout_regular_city, nicolae_lair_grove_arrangements,
          serial_bayou_lagoon_a, chequers_serial_rivers_micro_d
Lair:2:   layout_regular_city, infiniplex_staircase_pool, uniq_gastronok
Lair:3:   layout_gridlike, nicolae_spider_entry_non_spiders, serial_bayou_pond_c
Lair:4:   layout_regular_city, shoals_dummy_entry
Lair:5:   layout_loops_ring, slime_altar_1, serial_bayou_pond_d,
          chequers_serial_rivers_small_a, lookout_lair_type, worms_lemuel,
          minmay_lair_oklob_chamber
Lair:6:   minmay_lair_end_frog_pond, layout_small_grid
Shoals:1: layout_shoals
Shoals:2: layout_shoals, uniq_ilsuiw, uniq_polyphemus
Shoals:3: layout_shoals, nicolae_shoals_seven_spires
Shoals:4: shoals_end_simple, layout_shoals, shoals_ilsuiw_ice, serial_shops,
          shop, nicolae_shoals_aquamancer_cove, uniq_roxanne
Spider:1: layout_chambers, drop_trap, uniq_nikola
Spider:2: layout_spider_delve
Spider:3: layout_spider_delve, special_room [special_room_bee], hive_lemuel,
          uniq_aizul, uniq_arachne, uniq_azrael
Spider:4: grunt_spider_rune_parallel, guppyfry_spider_mini_2, uniq_kirke
Orc:1:    layout_caves, serial_shops, shop
Orc:2:    st_orc_rangers, layout_caves, serial_shops, shop
Vaults:1: v_rooms_2, grunt_vaults_hallway_short, v_misc_25,
          nicolae_vaults_triangles, nicolae_vaults_specimen_jars, v_misc_18,
          v_alt_pattern_6, vaults_room_pools, grunt_vaults_hallway_short,
          nicolae_vaults_little_squares_4, st_smaller_cells,
          layout_vaults_omnicross
Vaults:2: v_misc_4, nicolae_vaults_little_squares_5, grunt_vaults_funnel,
          v_misc_8, nicolae_vaults_theta, v_misc_4,
          nicolae_vaults_yaktaur_gun_rack, layout_vaults_omnigrid, serial_shops,
          shop, shop
Vaults:3: dpeg_vaults_monster_box, v_misc_26, nicolae_vaults_little_squares_1,
          minmay_crypt_entry_necro_gods, nicolae_vaults_little_squares_1,
          layout_vaults_chaotic_city, lightli_enter_wizlab_magi_temple,
          uniq_bai_suzhen, uniq_sojobo
Vaults:4: vaults_room_door_hall, grunt_vaults_twisty, ontoclasm_vaults_fault,
          v_alt_pattern_1, v_rooms_4, nicolae_vaults_little_squares_1,
          v_pattern_4, v_misc_18, nicolae_vaults_little_squares_4,
          nicolae_vaults_puzzle_piece, vaults_room_door_ring,
          minmay_guarded_unrand_secular_launcher, ontoclasm_vaults_gateway,
          v_misc_22, ontoclasm_vaults_claustrophobia, layout_vaults_omnibox,
          uniq_donald
Depths:1: layout_cave_pools, enter_ziggurat_a, hellmouth_1,
          minmay_misc_feat_five, hangedman_abyss_or_decor_lesser_grid,
          lightli_minifort

Skill      XL: |  1  2  3  4  5  6  7  8  9 10 11 12 13 14 15 16 17 18 19 20 |
---------------+-------------------------------------------------------------+-----
Shields        | 3 |  3.0
Axes           | 2 3 4 5 6 8 10 13 16 18 19 21 | 21.9
Fighting       | 5 8 10 11 13 15 17 18 19 | 19.3
Dodging        | 3 6 8 |  8.4
Armour         | 3 7 9 10 11 13 14 15 16 | 16.9
Invocations    | 6 |  6.5
Evocations     | 4 6 8 9 |  9.1

Action                   |  1- 3 |  4- 6 |  7- 9 | 10-12 | 13-15 | 16-18 | 19-21 || total
-------------------------+-------+-------+-------+-------+-------+-------+-------++-------
Melee: War axe           |   111 |   154 |   404 |  1420 |  2474 |   174 |       ||  4737
       Kick              |       |       |    31 |   180 |       |   742 |   463 ||  1416
       Trident           |       |       |       |       |    43 |     8 |       ||    51
       Broad axe         |       |       |       |       |       |  1975 |  1192 ||  3167
Throw: Throwing net      |       |       |       |     3 |     5 |       |       ||     8
Invok: Heroism           |       |       |       |     2 |     1 |       |       ||     3
Evoke: Wand              |       |     2 |    11 |     5 |     8 |    24 |       ||    50
       Lamp of fire      |       |       |       |     1 |     2 |     1 |       ||     4
       Phial of floods   |       |       |       |       |     1 |     2 |       ||     3
  Use: Potion            |       |     3 |     1 |     7 |     1 |    13 |     6 ||    31
       Scroll            |       |     5 |     7 |    17 |    15 |    19 |     6 ||    69
 Stab: Held in net/web   |       |       |       |     1 |     4 |     3 |       ||     8
       Paralysed         |       |       |       |       |     3 |    17 |       ||    20
  Eat: Chunk             |     1 |     4 |    12 |    16 |    24 |    11 |    12 ||    80
       Ration            |       |       |     1 |     6 |     6 |    11 |     3 ||    27
Armor: Scale mail        |    38 |       |       |       |       |       |       ||    38
       Chain mail        |    22 |    94 |   197 |   183 |       |       |       ||   496
       Skin              |       |    43 |    37 |    25 |       |       |       ||   105
       Plate armour      |       |       |       |   838 |   318 |       |       ||  1156
       Crystal plate arm |       |       |       |       |  1351 |  2310 |   770 ||  4431
Dodge: Dodged            |    33 |    31 |    50 |   410 |   564 |   644 |   334 ||  2066
       Deflected         |       |     1 |       |       |       |       |       ||     1
Block: Shield            |    60 |    71 |   169 |   678 |    78 |       |       ||  1056
       Buckler           |       |       |       |     3 |   474 |   640 |   222 ||  1339
       Reflection        |       |       |       |       |     8 |       |       ||     8

Table legend:
 A = Non-vault XP
 B = Vault XP
 C = Vault XP percentage of total XP
 D = Non-vault monster count
 E = Vault monster count
 F = Vault count percentage of total count
                 A         B        C        D         E       F
            +---------+---------+-------+---------+---------+-------
      Total |  344191 |  240706 |  41.2 |    1082 |     553 |  33.8
            +---------+---------+-------+---------+---------+-------
        D:1 |      40 |       0 |   0.0 |      23 |       0 |   0.0
        D:2 |      61 |       0 |   0.0 |      18 |       0 |   0.0
        D:3 |      43 |       0 |   0.0 |      15 |       0 |   0.0
        D:4 |     343 |     553 |  61.7 |      22 |       3 |  12.0
        D:5 |     803 |     374 |  31.8 |      22 |       8 |  26.7
        D:6 |     274 |     900 |  76.7 |      10 |       3 |  23.1
        D:7 |    1320 |     970 |  42.4 |      29 |       1 |   3.3
        D:8 |    1309 |    1848 |  58.5 |      20 |       7 |  25.9
        D:9 |    1572 |     901 |  36.4 |      16 |      12 |  42.9
       D:10 |    3942 |     561 |  12.5 |      31 |      17 |  35.4
       D:11 |    7912 |     122 |   1.5 |      50 |      12 |  19.4
       D:12 |   10099 |    4196 |  29.4 |      46 |       4 |   8.0
       D:13 |    7866 |    1522 |  16.2 |      39 |       4 |   9.3
       D:14 |    6507 |       0 |   0.0 |      29 |       0 |   0.0
       D:15 |   19816 |    2318 |  10.5 |      50 |       3 |   5.7
     Lair:1 |    5100 |    3287 |  39.2 |      23 |      12 |  34.3
     Lair:2 |    2017 |    2276 |  53.0 |      17 |       1 |   5.6
     Lair:3 |    7327 |     332 |   4.3 |      29 |       8 |  21.6
     Lair:4 |    2805 |     542 |  16.2 |      12 |       1 |   7.7
     Lair:5 |    5652 |    5429 |  49.0 |      25 |      19 |  43.2
     Lair:6 |   20262 |   11871 |  36.9 |      54 |      47 |  46.5
   Shoals:1 |   13753 |       0 |   0.0 |      29 |       0 |   0.0
   Shoals:2 |    6810 |   10434 |  60.5 |      14 |      10 |  41.7
   Shoals:3 |   18490 |       0 |   0.0 |      36 |       0 |   0.0
   Shoals:4 |   19040 |   22010 |  53.6 |      32 |      39 |  54.9
   Spider:1 |   20575 |    3930 |  16.0 |      63 |       1 |   1.6
   Spider:2 |   15202 |    1930 |  11.3 |      38 |       2 |   5.0
   Spider:3 |    1313 |    8267 |  86.3 |       4 |      36 |  90.0
   Spider:4 |   19510 |   26926 |  58.0 |      54 |      61 |  53.0
      Orc:1 |    4209 |     112 |   2.6 |      45 |       1 |   2.2
      Orc:2 |    2384 |    6237 |  72.3 |      14 |      37 |  72.5
   Vaults:1 |   28372 |   15645 |  35.5 |      52 |      22 |  29.7
   Vaults:2 |   30319 |    7517 |  19.9 |      46 |      11 |  19.3
   Vaults:3 |   34859 |   23839 |  40.6 |      47 |      16 |  25.4
   Vaults:4 |    8500 |   37085 |  81.4 |      12 |      42 |  77.8
   Depths:1 |   15785 |       0 |   0.0 |      16 |       0 |   0.0
      Sewer |       0 |     140 | 100.0 |       0 |      10 | 100.0
      IceCv |       0 |   12775 | 100.0 |       0 |      53 | 100.0
     WizLab |       0 |   25857 | 100.0 |       0 |      50 | 100.0
            +---------+---------+-------+---------+---------+-------
